 Dungeon Crawl Stone Soup version 0.30-a0-168-g0b976cbdc4 (webtiles) character file.

Game seed: 15257720391265063508

70 Iusername the Covered (level 4, -4/40 HPs)
             Began as a Minotaur Fighter on Sept 29, 2022.
             Slain by Natasha (7 damage)
             ... while paralysed by Grinder
             ... on level 3 of the Dungeon.
             The game lasted 00:01:34 (1774 turns).

Iusername the Covered (Minotaur Fighter)            Turns: 1774, Time: 00:01:35

Health: -4/40      AC:  7    Str: 23    XL:     4   Next: 3%
Magic:  3/3        EV:  2    Int:  5    God:
Gold:   118        SH:  0    Dex:  9    Spells: 3/3 levels left

rFire   . . .      SeeInvis .    a - +0 trident
rCold   . . .      Faith    .    c - +0 buckler
rNeg    . . .      Spirit   .    b - +0 scale mail
rPois   .          Reflect  .    (helmet restricted)
rElec   .          Harm     .    (no cloak)
rCorr   .          Rampage  .    (no gloves)
Will    .....                    (no boots)
Stlth   ..........               (no amulet)
HPRegen 0.13/turn                (no ring)
MPRegen 0.08/turn                (no ring)

@: paralysed, mighty, slowed
A: horns 2, retaliatory headbutt
a: no special abilities


You were on level 3 of the Dungeon.
You visited 1 branch of the dungeon, and saw 3 of its levels.

You collected 118 gold pieces.

Inventory:

Hand Weapons
 a - a +0 trident (weapon)
Missiles
 q - 2 javelins (quivered)
Armour
 b - a +0 scale mail (worn)
 c - a +0 buckler (worn)
Jewellery
 o - a ring of wizardry
Scrolls
 e - 2 scrolls of identify {unknown}
 g - a scroll of fear {unknown}
 h - a scroll of vulnerability {unknown}
 j - a scroll of magic mapping {unknown}
 l - a scroll of blinking {unknown}
 m - a scroll of brand weapon {unknown}
 n - a scroll of teleportation {unknown}
 p - a scroll of enchant weapon {unknown}
Potions
 f - 3 potions of curing {unknown}
 i - a potion of heal wounds {unknown}
 k - a potion of haste {unknown}


   Skills:
 + Level 4.2 Fighting
 + Level 3.0 Polearms
 + Level 4.6 Armour
 + Level 0.2 Dodging
 + Level 4.2 Shields


You had 3 spell levels left.
You didn't know any spells.
Your spell library contained the following spells:

 Spells                   Type           Power      Damage    Failure   Level
 Ignite Poison            Fire/Tmut/Pois 0%         N/A       99%         3
 Inner Flame              Hex/Fire       0%         N/A       99%         3
 Kindle Blastsparks       Fire/Tloc/Air  0%         2d10      99%         3
 Mephitic Cloud           Conj/Pois/Air  0%         N/A       99%         3
 Cause Fear               Hex            0%         N/A       100%        4
 Freezing Cloud           Conj/Ice/Air   0%         6-21      100%        5
 Discord                  Hex            0%         N/A       100%        8


Dungeon Overview and Level Annotations

Branches:
Dungeon (3/15)

Altars:
Sif Muna

Annotations:
D:3 Grinder, Natasha


Innate Abilities, Weirdness & Mutations

You have a pair of horns on your head.
You reflexively headbutt those who attack you in melee.


Message History

The orc shouts!
You headbutt the gnoll!
You kill the gnoll!
You hear an angry hiss.
Grinder blinks!
You block the gnoll's attack.
You have reached level 4!
You feel stronger. The gnoll barely misses you.
The orc hits you but does no damage.
Things that are here:
a +0 flail; a gnoll corpse You puncture the orc!
You kill the orc!
The gnoll hits you with a +0 spear!
Natasha, Servant of Life and Death comes into view.
Natasha hisses angrily.
Natasha howls an incantation.
Natasha's front paws start to glow.
Natasha casts a spell.
The gnoll hits you with a +0 spear.
You see here a +0 whip.
The gnoll hits you with a +0 spear.
Grinder says, "Mostly I couldn't keep them alive."
Grinder gestures at you.
You barely resist.
Found a stone staircase leading up and a stone staircase leading down.
Natasha casts a spell at you.
You feel yourself slow down. Grinder gestures at you.
You suddenly lose the ability to move!
The gnoll hits you but does no damage. The white imp spits at you.
Grinder gestures at you. Pain shoots through your body!
* * * LOW HITPOINT WARNING * * *
The gnoll hits you from afar with a +0 spear.
* * * LOW HITPOINT WARNING * * *
The gnoll hits you but does no damage.
A goblin comes into view. It is wielding a +0 dagger.
Grinder gestures at you.
You shrug off the repeated paralysis!
Natasha claws you!
You die...

#....# ## #.#..#
. # #.#..#.#
#.###.#..#. ##
#.>....... ..$
#......5.#.#...
#.............<
#.###@##.##
#..5h.....# ...
#....g#)g....#
..#
#.....#)####.#
#.# .. +...5.#)#
# #.# ..
#...#.#†####.#
#.# .#
#...#.#.#....#
#.# .# #..
#.#.#.######.##.#
#..
#.#...........#.#


You could see Grinder, Natasha, a gnoll, a white imp (summoned) and a goblin.

Vanquished Creatures
  3 gnolls (D:3)
  An adder (D:2)
  A dart slug (D:2)
  An orc (D:3)
  2 bats
  3 goblins (D:1)
  2 hobgoblins
  3 jackals (D:1)
  5 quokkas
  2 ball pythons (D:1)
  3 kobolds
  2 rats (D:2)
28 creatures vanquished.

Notes
Turn   | Place    | Note
-------+----------+-------------------------------------------
     0 | D:1      | Iusername the Minotaur Fighter began the quest for the Orb.
     0 | D:1      | Reached XP level 1. HP: 19/19 MP: 0/0
   251 | D:1      | Reached XP level 2. HP: 22/27 MP: 1/1
   731 | D:1      | Found a faded altar of an unknown god.
  1300 | D:2      | Reached XP level 3. HP: 33/33 MP: 2/2
  1532 | D:2      | Found a shimmering blue altar of Sif Muna.
  1750 | D:3      | Noticed Grinder
  1768 | D:3      | Reached XP level 4. HP: 27/40 MP: 3/3
  1770 | D:3      | Noticed Natasha
  1772 | D:3      | Paralysed by Grinder for 4 turns
  1774 | D:3      | Slain by Natasha

Illustrated notes

Levels and vault maps discovered:
D:1:      tarquinn_simple_flora_water_c, layout_loops_corners,
          dreamdust_ecumenical_altar_angels_and_demons, amethyst_killhole,
          roderic_serpentine_path
D:2:      layout_basic, basic_altar, hangedman_decor_riveting
D:3:      layout_basic, nemelex_diamond_rough_becter,
          mainiacjoe_overflow_six_doors_small, serial_shops, shop, uniq_grinder,
          uniq_robin, uniq_natasha

Skill      XL: |  1  2  3 |
---------------+----------+-----
Fighting       | 4 |  4.2
Shields        | 4 |  4.2
Armour         | 4 |  4.6
Polearms       | 3 |  3.0
Dodging        | |  0.2

Action                   |  1- 3 |  4- 6 || total
-------------------------+-------+-------++-------
Melee: Trident           |    73 |     1 ||    74
       Headbutt          |     9 |       ||     9
  Use: Potion            |     1 |       ||     1
Armor: Scale mail        |    30 |     3 ||    33
Dodge: Dodged            |    25 |     1 ||    26
Block: Buckler           |    19 |       ||    19

Table legend: (Time is in decaauts)
 A = Elapsed time spent in this place.
 B = Non-inter-level travel time spent in this place.
 C = Inter-level travel time spent in this place.
 D = Time resting spent in this place.
 E = Time spent auto-exploring this place.
 F = Levels seen in this place.
 G = Mean time per level.
                   A        B        C        D        E       F      G
               +--------+--------+--------+--------+--------+-----+--------+
         Total |   1789 |   1722 |     67 |      0 |   1536 |   3 |  596.3 |
       Dungeon |   1789 |   1722 |     67 |      0 |   1536 |   3 |  596.3 |
               +--------+--------+--------+--------+--------+-----+--------+

Top non-repeatable levels by time:
     D:1: 1132 daAuts
     D:2: 603 daAuts
     D:3: 53 daAuts
